Map: 海神信使 - 天梯版

Players

SpeCial - Winner!

  • Race: Terran Terran
  • Spawn Location: 11:00

Has

  • Race: Protoss Protoss
  • Spawn Location: 5:00

VOD

Have the link to the VOD?

Description

Time

  • Played on: Sept. 7, 2019, 2:37 p.m.
  • Length: 9:13
Show
View Real Time Build Order
Export as new Build Order

SpeCial Terran - Winner!

Build Orders: Reaper Expand, Banshee Rush 

Get SALT Encoding   

  12  0:00  SCV  
  13  0:13  SCV  
  14  0:17  Supply Depot  
  14  0:25  SCV  
  15  0:39  SCV  
  15  0:40  Barracks  
  16  0:43  Refinery  
  16  0:51  SCV  
  17  1:03  SCV  
  18  1:15  SCV  
  19  1:27  Orbital Command, Reaper  
  20  1:39  Command Center  
  20  1:52  Supply Depot  
  20  1:53  SCV  
  21  1:59  Marine  
  22  2:05  SCV  
  22  2:07  Factory  
  23  2:17  SCV  
  23  2:18  Refinery  
  23  2:21  Barracks Reactor  
  24  2:29  SCV  
  25  2:41  SCV  
  25  2:53  Widow Mine  
  25  2:54  Orbital Command, SCV  
  28  2:58  Starport, Marine x2  
  30  3:06  SCV  
  31  3:15  Factory Tech Lab  
  31  3:16  Marine x2  
  31  3:18  SCV  
  34  3:20  SCV  
  34  3:24  Barracks  
  35  3:30  SCV  
  35  3:32  SCV  
  37  3:40  Supply Depot  
  37  3:41  Cloaking Field  
  37  3:42  Banshee, SCV  
  37  3:43  Factory Tech Lab  
  37  3:44  SCV  
  42  3:48  Marine  
  42  3:50  Marine  
  42  3:54  SCV  
  45  3:56  SCV  
  45  4:00  Supply Depot  
  46  4:06  SCV  
  46  4:07  Siege Tank  
  46  4:08  SCV  
  51  4:12  Marine x2  
  51  4:15  Refinery  
  51  4:16  Barracks Tech Lab  
  53  4:18  SCV  
  53  4:21  SCV  
  55  4:26  Supply Depot  
  55  4:28  Banshee  
  58  4:33  SCV  
  58  4:35  Marine x2  
  58  4:36  Marine  
  62  4:48  SCV  
  62  4:50  Siege Tank  
  62  4:52  SCV  
  67  4:53  Marine x2  
  67  4:54  Marine  
  67  4:56  Supply Depot  
  70  5:03  Combat Shield, Supply Depot  
  70  5:18  Banshee, SCV x2, Marine x3  
  78  5:25  Supply Depot  
  78  5:27  Supply Depot  
  77  5:30  SCV x2  
  77  5:31  Siege Tank  
  80  5:36  Marine x2  
  80  5:41  Marine  
  80  5:42  SCV x2  
  85  5:53  Command Center, Marine x2  
  85  5:54  SCV x2  
  85  5:57  Barracks  
  88  5:58  Marine  
  88  6:03  Siege Tank  
  89  6:06  SCV x2  
  91  6:11  Marine x2  
  91  6:14  Banshee  
  96  6:18  SCV x2  
  96  6:19  Refinery  
  96  6:24  Marine  
  96  6:25  Stimpack  
  97  6:31  SCV x2  
  93  6:36  Engineering Bay x2  
  93  6:42  Marine  
  93  6:43  SCV x2  
  93  6:44  Siege Tank  
  93  6:46  Barracks  
  99  6:49  Barracks  
  99  6:55  SCV x2  
  99  6:57  Marine  
  102  7:03  Terran Infantry Armor Level 1, Terran Infantry Weapons Level 1  
  102  7:04  Marine x2  
  102  7:07  Starport Reactor, SCV  
  105  7:11  Bunker, Concussive Shells  
  105  7:12  SCV  
  105  7:15  Marine x2  
  107  7:19  SCV  
  107  7:21  Siege Tank  
  107  7:22  Marine x2  
  104  7:26  SCV  
  95  7:30  Bunker  
  95  7:31  Orbital Command  
  95  7:33  Marine  
  95  7:36  Barracks Reactor  
  88  7:37  Barracks Tech Lab  
  88  7:40  Marine  
  88  7:46  Supply Depot x2  
  88  7:47  Supply Depot  
  88  7:50  Supply Depot  
  88  7:51  Marauder x2, Marine  
  92  7:54  Medivac  
  92  7:55  Medivac  
  92  7:58  Marine  
  98  8:00  Marauder  
  100  8:09  SCV, Marine  
  100  8:10  Armory  
  100  8:12  Marine x2  
  104  8:16  Marine  
  104  8:17  Missile Turret x2  
  104  8:18  Marine  
  103  8:20  Marine  
  103  8:24  Medivac  
  103  8:25  Medivac, Orbital Command  
  103  8:26  Marine  
  109  8:28  Marauder  
  109  8:30  Supply Depot  
  109  8:32  Widow Mine  
  109  8:33  Marine, SCV  
  115  8:35  SCV  
  115  8:44  Supply Depot, Marine  
  115  8:45  Supply Depot, SCV, Marine x2  
  115  8:46  Marauder x2  
  123  8:51  SCV, Marine  
  123  8:52  SCV  
  123  8:55  Supply Depot  
  128  8:57  SCV  
Show
View Real Time Build Order
Export as new Build Order

Has Protoss 

Build Orders: 1 Gate Expand, Double Forge, Blink Stalkers 

Get SALT Encoding   

  12  0:00  Probe  
  13  0:13  Probe  
  14  0:17  Pylon  
  14  0:25  Probe  
  15  0:28  Assimilator  
  15  0:35  Probe  
  15  0:42  Gateway  
  16  0:43  Probe  
  17  0:51  Probe  
  18  1:03  Probe  
  19  1:15  Probe  
  20  1:22  Nexus  
  20  1:31  Cybernetics Core  
  20  1:35  Probe  
  21  1:40  Assimilator  
  22  1:47  Probe  
  22  1:50  Pylon  
  22  1:58  Adept  
  22  1:59  Probe  
  25  2:08  Warp Gate  
  25  2:11  Probe  
  26  2:23  Probe  
  26  2:28  Sentry  
  29  2:34  Probe  
  29  2:35  Probe  
  31  2:45  Twilight Council  
  31  2:46  Probe  
  31  2:47  Probe  
  33  2:54  Probe  
  33  2:55  Probe  
  33  2:56  Blink, Stalker  
  36  3:02  Probe  
  36  3:03  Probe  
  37  3:10  Gateway x2  
  37  3:12  Probe  
  39  3:14  Probe  
  39  3:19  Pylon  
  41  3:26  Probe  
  42  3:28  Probe  
  43  3:38  Probe x2  
  45  3:46  Pylon, Probe  
  45  3:50  Probe  
  45  3:54  Probe  
  47  4:00  Robotics Facility  
  48  4:04  Shield Battery  
  48  4:07  Shield Battery  
  48  4:09  Stalker x3  
  54  4:17  Assimilator  
  54  4:29  Nexus  
  54  4:30  Pylon  
  54  4:33  Forge  
  54  4:38  Forge  
  52  4:40  Stalker  
  52  4:41  Stalker  
  52  4:45  Probe x2  
  58  4:48  Observer  
  58  4:49  Pylon, Charge  
  59  4:57  Probe x2  
  61  5:03  Phoenix  
  61  5:06  Stalker  
  63  5:09  Observer, Probe  
  63  5:12  Gateway  
  65  5:14  Probe  
  65  5:16  Gateway  
  65  5:21  Probe  
  67  5:22  Protoss Ground Armor Level 1  
  67  5:26  Probe  
  68  5:33  Probe  
  66  5:35  Protoss Ground Weapons Level 1  
  66  5:37  Stalker x3  
  66  5:38  Probe  
  71  5:45  Probe  
  71  5:47  Probe  
  73  5:51  Probe  
  74  6:05  Stalker x3  
  79  6:12  Probe x2  
  78  6:19  Probe  
  78  6:20  Stalker x2  
  78  6:24  Probe  
  80  6:25  Probe  
  80  6:32  Zealot x3  
  84  6:37  Pylon, Probe x2  
  85  6:40  Pylon  
  85  6:46  Stalker x2  
  74  6:54  Zealot x2  
  74  6:55  Zealot  
  79  7:08  Zealot x2  
  81  7:14  Zealot  
  81  7:15  Zealot x2  
  78  7:23  Probe x2  
  73  7:39  Probe x2  
  75  7:44  Templar Archives, Assimilator  
  75  7:51  Probe  
  75  7:54  Probe  
  77  8:03  Probe  
  78  8:06  Probe  
  79  8:13  Stalker  
  79  8:15  Probe  
  79  8:18  Probe  
  83  8:24  Warp Prism  
  85  8:36  Pylon  
  85  8:38  Pylon  
  85  8:40  Probe  
  86  8:54  Zealot, High Templar x2  
  86  8:55  Zealot  
  94  8:59  Pylon  
  94  9:00  Pylon  
Tags
 
Add a new tag
Caveats
  • Supply blocks, unpowered buildings, or Contaminate may cause inaccurate times.
  • Supply counts are checked every 10 seconds.